 Dungeon Crawl Stone Soup version 0.31.0-12-g77e489cdc1 (webtiles) character file.

Game seed: 7908183779653811639

26 Curundu the Trooper (level 2, -7/27 HPs)
             Began as a Minotaur Berserker on Feb 20, 2024.
             Was a Follower of Trog.
             Killed from afar by Jessica (10 damage)
             ... with a puff of flame
             ... on level 2 of the Dungeon.
             The game lasted 00:01:44 (870 turns).

Curundu the Trooper (Minotaur Berserker)             Turns: 870, Time: 00:01:45

Health: -7/27      AC:  3    Str: 21    XL:     2   Next: 89%
Magic:  1/1        EV: 12    Int:  4    God:    Trog [*.....]
Gold:   52         SH:  0    Dex:  9    Spells: 1/1 levels left

rFire   . . .        a - +0 hand axe
rCold   . . .        (no shield)
rNeg    . . .        b - +0 animal skin
rPois   .            (helmet restricted)
rElec   .            (no cloak)
rCorr   .            h - +0 pair of gloves
SInv    .            (no boots)
Will    .....        (no amulet)
Stlth   +            (no ring)
HPRegen 0.24/turn    (no ring)
MPRegen 0.07/turn

%: no passive effects
@: slowed, very slow
A: horns 2, retaliatory headbutt
a: Renounce Religion, Berserk


You were on level 2 of the Dungeon.
You worshipped Trog.
Trog was aware of your devotion.
You visited 1 branch of the dungeon, and saw 2 of its levels.

You collected 52 gold pieces.

Inventory:

Hand Weapons
 a - a +0 hand axe (weapon)
Armour
 b - a +0 animal skin (worn)
 h - a +0 pair of gloves (worn)
Scrolls
 c - a scroll of enchant armour {unknown}
 d - 2 scrolls of revelation {unknown}
 e - a scroll of poison {unknown}
 f - a scroll of immolation {unknown}
 g - a scroll of identify {unknown}


   Skills:
 + Level 4.2 Fighting
 + Level 4.2 Axes
 + Level 2.5 Armour
 + Level 2.5 Dodging


You had one spell level left.
You didn't know any spells.
Your spell library was empty.

Dungeon Overview and Level Annotations

Branches:
Dungeon (2/15)

Altars:

Annotations:
D:2 Jessica


Innate Abilities, Weirdness & Mutations

You have a pair of horns on your head.
You reflexively headbutt those who attack you in melee.


Message History

The hobgoblin shouts!
The kobold hits you with a +0 short sword of protection.
You barely miss the kobold. The kobold barely misses you.
You barely miss the kobold. You headbutt the kobold.
You kill the kobold!
Trog accepts your kill.
You hit the hobgoblin.
The hobgoblin is moderately wounded.
The hobgoblin barely misses you.
You closely miss the hobgoblin. Your punch misses the hobgoblin.
The hobgoblin is moderately wounded.
The hobgoblin barely misses you. You furiously retaliate!
You headbutt the hobgoblin.
You kill the hobgoblin!
Trog accepts your kill.
Things that are here:
a +0 short sword of protection; a hobgoblin corpse You open the door.
Jessica the Apprentice Sorceress comes into view.
She is wielding a +0 dagger and carrying a wand of flame.
Jessica shouts!
Okay, then.
There is an open door here.
Found a smoky cyan potion.
Jessica points at you and mumbles some strange words.
You feel yourself slow down.
Jessica zaps a wand.
The puff of flame hits you.
You hit Jessica but do no damage.
Jessica casts a spell.
Jessica seems to speed up.
Jessica shouts, "I don't like beings like you!"
Jessica zaps a wand.
The puff of flame hits you!
* * * LOW HITPOINT WARNING * * *
You completely miss Jessica.
Jessica mumbles some strange words.
Jessica blinks!
Jessica gestures wildly while chanting.
Jessica blinks!
Jessica hits you with a +0 dagger.
* * * LOW HITPOINT WARNING * * *
Jessica zaps a wand.
The puff of flame hits you!
You die...

#### #.# ..# #+## #.##### ..
..# #...## #...... #.###.#
##.....## #...... #.##..#
##......!# #......
###.#...####.........####.....
...........'.........+........
###.#...####..@......####.....
#.###.##..# ##@......# #.....
#.........# ##.....## ####<#
#####.##### #ยง..## #.#
#.........# #+## #.#
#.###.###.# #.# #.#
#.###..##.# #.# #.#
#.........# ####.### #.#
######.#### #......# #.# #.#
#......#########.#


You could see Jessica (fast).

Vanquished Creatures
  An endoplasm (D:1)
  2 giant cockroaches (D:1)
  4 hobgoblins
  2 jackals (D:1)
  2 quokkas (D:1)
  3 ball pythons (D:1)
  3 bats (D:1)
  A frilled lizard (D:1)
  A goblin (D:1)
  3 kobolds
  A rat (D:1)
23 creatures vanquished.

Notes
Turn   | Place    | Note
-------+----------+-------------------------------------------
     0 | D:1      | Curundu the Minotaur Berserker began the quest for the Orb.
     0 | D:1      | Reached XP level 1. HP: 19/19 MP: 0/0
   307 | D:1      | Reached XP level 2. HP: 25/27 MP: 1/1
   864 | D:2      | Noticed Jessica
   870 | D:2      | Killed from afar by Jessica

Illustrated notes

Levels and vault maps discovered:
D:1:      saegor_arrival_simple_e, layout_loops_ring
D:2:      layout_loops_corners, shapermc_ecumenical_altar_mp_urbaneastern,
          grunt_ministairs_7, uniq_jessica

Skill      XL: |  1  2 |
---------------+-------+-----
Axes           | 4 |  4.2
Fighting       | 4 |  4.2
Armour         | |  2.5
Dodging        | |  2.5

Action                     || total
---------------------------++-------
  Melee: Hand axe          ||    52
         Headbutt          ||     5
         Punch             ||     1
 Armour: Animal skin       ||    46
  Dodge: Dodged            ||    42
